Thunder vs Atomiques
Created - 1 novembre 2016 at 19:38
Goals
|
| Thunder |
0 |
2 |
0 |
2 |
| Atomiques |
5 |
0 |
2 |
7 |
|
Shots
|
| Thunder |
8 |
17 |
9 |
34 |
| Atomiques |
17 |
13 |
17 |
47 |
|
1st period
1. Atomiques , Ryan Shannon 6 (Tyler Brenner, Kenndal McArdle) at 2:18
2. Atomiques , Tyler Brenner 2 (Ryan Shannon, Sergei Bobrovsky) at 9:21 (PP)
3. Atomiques , Kenndal McArdle 3 (Tyler Brenner, Alexander Sulzer) at 15:44
4. Atomiques , Brett Sutter 3 (Roman Polak, Joseph Cramarossa) at 18:53
5. Atomiques , Tyler Brenner 3 (Shawn Belle, Ryan Shannon) at 19:28 (PP)
Penalties :
John McCarthy (STB) for Hooking (Minor) at 5:09, Derek Forbort (TRO) for Elbowing (Minor) at 9:10, Ryan Shannon (STB) for Tripping (Minor) at 12:26, Mathieu Perreault (TRO) for Interference (Minor) at 19:20
2nd period
6. Thunder , Adam Hall 2 (Scott Parse, Tom Pyatt) at 7:42 (PP)
7. Thunder , Adam Hall 3 (Tom Pyatt, Jay Harrison) at 7:58
Penalties :
John McCarthy (STB) for Holding (Minor) at 7:36, Mathieu Perreault (TRO) for Holding Stick (Minor) at 11:09
3rd period
8. Atomiques , Alex Berry 2 (Sean Couturier, Andrew Kozek) at 4:15
9. Atomiques , John McCarthy 1 (Marc-André Cliche, Alexander Sulzer) at 10:51
Penalties :
Jay Harrison (TRO) for Hooking (Minor) at 17:01
Goalie Stats
Devan Dubnyk (TRO), 10 saves from 14 shots - (0,714), L, 0-3-0, 18:53 minutes
Magnus Hellberg (TRO), 30 saves from 33 shots - (0,909), 41:07 minutes
Sergei Bobrovsky (STB), 32 saves from 34 shots - (0,941), W, 3-1-0, 60:00 minutes
Players Stats for Thunder
Player Name G A P +/- PIM S H SB GA TA FO MP PP MP PK MP
------------------------------------------------------------------------------------
Adam Hall 2 0 2 -1 0 4 1 0 2 1 5/7 22:51 2:08 2:27
Brett Festerling 0 0 0 -2 0 0 0 0 1 0 0/0 22:24 2:07 2:10
Casey Pierro-Zabotel 0 0 0 -2 0 0 0 0 0 0 0/0 7:27 0:00 0:00
Dalton Smith 0 0 0 0 0 0 0 0 0 0 0/0 0:00 0:00 0:00
Dany Roussin 0 0 0 -1 0 7 2 3 1 0 0/0 19:08 1:56 1:36
Daultan Leveillé 0 0 0 0 0 0 2 0 0 0 4/5 10:19 0:00 0:00
David Clarkson 0 0 0 0 0 2 0 0 0 0 1/1 10:19 0:00 0:00
David Fischer 0 0 0 1 0 1 1 3 1 1 0/0 28:50 1:57 2:54
Derek Forbort 0 0 0 -3 2 1 1 1 0 1 0/0 10:33 0:00 0:36
Jay Beagle 0 0 0 -1 0 3 5 0 0 0 0/0 17:04 1:56 0:00
Jay Harrison 0 1 1 -2 2 2 2 2 1 0 0/0 31:27 1:57 1:31
Joe Labate 0 0 0 0 0 0 0 0 0 0 0/0 1:24 0:00 0:56
Joey Ryan 0 0 0 -2 0 0 2 3 0 2 0/0 26:54 2:07 1:23
Kelly Zajac 0 0 0 0 0 0 0 0 0 0 0/0 0:00 0:00 0:00
Magnus Paajarvi-Svensson 0 0 0 0 0 1 0 0 1 1 0/0 10:52 0:00 0:14
Mathieu Perreault 0 0 0 -1 4 3 2 0 0 0 6/13 17:21 1:56 0:00
Robin Leblanc 0 0 0 -2 0 1 1 2 0 0 0/1 7:27 0:00 0:00
Ryan Nugent-Hopkins 0 0 0 -2 0 1 0 0 0 0 2/4 8:07 0:00 0:21
Scott Parse 0 1 1 -1 0 6 3 1 0 0 1/5 22:33 2:08 2:27
Tom Pyatt 0 2 2 -1 0 2 0 0 1 1 17/34 20:39 2:08 0:33
Players Stats for Atomiques
Player Name G A P +/- PIM S H SB GA TA FO MP PP MP PK MP
------------------------------------------------------------------------------------
Alex Berry 1 0 1 1 0 3 0 1 0 0 2/2 16:36 1:54 0:00
Alexander Sulzer 0 2 2 4 0 5 0 2 0 0 0/0 25:52 2:33 2:40
Andrew Kozek 0 1 1 1 0 3 2 1 2 0 1/1 18:36 1:54 0:56
Anthony Nigro 0 0 0 0 0 0 0 0 0 0 0/0 0:20 0:02 0:00
Bobby Farnham 0 0 0 1 0 1 1 0 0 0 0/0 10:16 0:00 0:00
Brett Sutter 1 0 1 1 0 2 0 0 0 0 2/4 7:16 0:00 0:00
Colby Cohen 0 0 0 1 0 0 0 0 0 0 0/0 10:40 0:00 0:00
Darren Kramer 0 0 0 0 0 0 0 0 0 0 0/0 2:27 0:00 1:16
Davis Drewiske 0 0 0 0 0 4 2 1 0 0 0/0 19:10 1:44 1:24
Eric Mestery 0 0 0 -1 0 1 0 1 0 0 0/0 4:18 0:00 0:00
Freddie Hamilton 0 0 0 0 0 0 0 0 0 0 0/0 0:20 0:02 0:00
Fredrik Claesson 0 0 0 0 0 0 0 0 0 0 0/0 0:00 0:00 0:00
John McCarthy 1 0 1 1 4 2 1 0 0 1 0/0 11:18 0:00 0:00
Joseph Cramarossa 0 1 1 1 0 1 1 0 0 1 0/0 7:16 0:00 0:00
Kenndal McArdle 1 1 2 1 0 4 1 0 0 2 0/0 21:10 2:21 0:53
Kyle Wharton 0 0 0 0 0 1 1 0 1 1 0/0 19:10 1:44 1:24
Mac Bennett 0 0 0 -1 0 0 0 0 0 0 0/0 4:18 0:00 0:00
Marc-André Cliche 0 1 1 1 0 2 1 1 0 0 2/5 10:16 0:00 0:00
Mike Halmo 0 0 0 0 0 0 0 0 0 0 0/0 0:32 0:00 0:32
Mitch Callahan 0 0 0 1 0 1 1 0 1 0 0/1 7:36 0:02 0:00
Roman Polak 0 1 1 1 0 2 0 0 0 0 0/0 10:40 0:00 0:00
Ryan Shannon 1 2 3 1 2 8 1 0 1 1 0/1 21:26 2:21 1:03
Sean Couturier 0 1 1 1 0 1 1 0 0 1 8/20 18:02 1:54 1:26
Shawn Belle 0 1 1 4 0 1 1 2 1 0 0/0 25:52 2:33 2:40
Tyler Brenner 2 2 4 1 0 5 3 1 1 1 19/36 22:26 2:21 2:02
3 Stars
1 - Tyler Brenner (STB)
2 - Alexander Sulzer (STB)
3 - Ryan Shannon (STB)
Power Play
Thunder - 1 on 3 Attempt(s) - 33,33%
Atomiques - 2 on 4 Attempt(s) - 50,00%
Penalty Kill
Thunder - 2 on 4 Attempt(s) - 50,00%
- Score 0 goal in Penalty Kill
Atomiques - 2 on 3 Attempt(s) - 66,67%
- Score 0 goal in Penalty Kill
Team Stat
Thunder - Hits : 22 - Faceoff Wins : 36 - Blocked Shots : 15 - Penalty Minutes : 8
Atomiques - Hits : 17 - Faceoff Wins : 34 - Blocked Shots : 10 - Penalty Minutes : 6
Official
Referees : Rooney Chris and Fraser Kerry
Linesman : Pierre Champoux and Pierre Racicot
Game Notes
Magnus Hellberg enters game at 18:53 of 1st period
9:27 of 3rd period - Atomiques goal is going for a video replay. After video review, No Goal. The puck has entered the net after making contact with an attacking player’s stick that is above the height of the crossbar.
Finance
Level 1 -- Attendance: 1448 (72,40%) -- Ticket Income 50 680 $
Level 2 -- Attendance: 669 (66,90%) -- Ticket Income 10 035 $
Total Attendance: 2117 (70,57%)
Total Ticket Income: 60 715 $
Other Income: 3 036 $
Total Income: 63 751 $
Thunder
5 vs 5 Forward
Center Left Wing Right Wing Time % Phy DF OF
1 Tom Pyatt Scott Parse Adam Hall 40 1 2 2
2 Mathieu Perreault Dany Roussin Jay Beagle 30 1 2 2
3 Daultan Leveillé Magnus Paajarvi-Svensson David Clarkson 20 1 2 2
4 Ryan Nugent-Hopkins Casey Pierro-Zabotel Robin Leblanc 10 1 2 2
5 vs 5 Defense
Defense Defense Time % Phy DF OF
1 Jay Harrison David Fischer 40 1 2 2
2 Joey Ryan Brett Festerling 30 1 2 2
3 Derek Forbort Jay Harrison 20 1 2 2
4 David Fischer Joey Ryan 10 1 2 2
PowerPlay Forward
Center Left Wing Right Wing Time % Phy DF OF
1 Tom Pyatt Scott Parse Adam Hall 60 1 2 2
2 Mathieu Perreault Dany Roussin Jay Beagle 40 1 2 2
PowerPlay Defense
Defense Defense Time % Phy DF OF
1 Jay Harrison David Fischer 60 1 2 2
2 Joey Ryan Brett Festerling 40 1 2 2
Penalty Kill 4 Players Forward
Center Wing Time % Phy DF OF
1 Adam Hall Scott Parse 60 1 2 2
2 Dany Roussin Tom Pyatt 40 1 2 2
Penalty Kill 4 Players Defense
Defense Defense Time % Phy DF OF
1 Jay Harrison David Fischer 60 1 2 2
2 Joey Ryan Brett Festerling 40 1 2 2
Penalty Kill - 3 Players Forward
Forward Time % Phy DF OF
1 Adam Hall 60 1 2 2
2 Scott Parse 40 1 2 2
Penalty Kill - 3 Players Defense
Defense Defense Time % Phy DF OF
1 Jay Harrison David Fischer 60 1 2 2
2 Joey Ryan Brett Festerling 40 1 2 2
4 vs 4 Forward
Center Wing Time % Phy DF OF
1 Adam Hall Scott Parse 60 1 2 2
2 Dany Roussin Tom Pyatt 40 1 2 2
4 vs 4 Defense
Defense Defense Time % Phy DF OF
1 Jay Harrison David Fischer 60 1 2 2
2 Joey Ryan Brett Festerling 40 1 2 2
Last Minutes Offensive
Center Left Wing Right Wing Defense Defense
Tom Pyatt Scott Parse Adam Hall Jay Harrison David Fischer
Last Minutes Defensive
Center Left Wing Right Wing Defense Defense
Tom Pyatt Scott Parse Adam Hall Jay Harrison David Fischer
Goaltenders
Starting : Devan Dubnyk
Backup : Magnus Hellberg
Extra Forwards
Normal : Kelly Zajac, Dalton Smith, Joe Labate - PP : Kelly Zajac, Dalton Smith - PK : Joe Labate
Extra Defensemen
Normal : Derek Forbort, Brett Festerling, Jay Harrison - PP : Derek Forbort - PK : Brett Festerling, Jay Harrison
Penalty Shots
Adam Hall, Scott Parse, Dany Roussin, Tom Pyatt, Jay Beagle
Atomiques
5 vs 5 Forward
Center Left Wing Right Wing Time % Phy DF OF
1 Tyler Brenner Kenndal McArdle Ryan Shannon 40 1 2 2
2 Sean Couturier Andrew Kozek Alex Berry 30 1 2 2
3 Marc-André Cliche John McCarthy Bobby Farnham 20 1 2 2
4 Brett Sutter Joseph Cramarossa Mitch Callahan 10 1 2 2
5 vs 5 Defense
Defense Defense Time % Phy DF OF
1 Alexander Sulzer Shawn Belle 40 1 2 2
2 Davis Drewiske Kyle Wharton 30 1 2 2
3 Roman Polak Colby Cohen 20 1 2 2
4 Eric Mestery Mac Bennett 10 1 2 2
PowerPlay Forward
Center Left Wing Right Wing Time % Phy DF OF
1 Tyler Brenner Kenndal McArdle Ryan Shannon 60 1 2 2
2 Sean Couturier Andrew Kozek Alex Berry 40 1 2 2
PowerPlay Defense
Defense Defense Time % Phy DF OF
1 Alexander Sulzer Shawn Belle 60 1 2 2
2 Davis Drewiske Kyle Wharton 40 1 2 2
Penalty Kill 4 Players Forward
Center Wing Time % Phy DF OF
1 Tyler Brenner Ryan Shannon 60 1 2 2
2 Kenndal McArdle Sean Couturier 40 1 2 2
Penalty Kill 4 Players Defense
Defense Defense Time % Phy DF OF
1 Alexander Sulzer Shawn Belle 60 1 2 2
2 Davis Drewiske Kyle Wharton 40 1 2 2
Penalty Kill - 3 Players Forward
Forward Time % Phy DF OF
1 Tyler Brenner 60 1 2 2
2 Ryan Shannon 40 1 2 2
Penalty Kill - 3 Players Defense
Defense Defense Time % Phy DF OF
1 Alexander Sulzer Shawn Belle 60 1 2 2
2 Davis Drewiske Kyle Wharton 40 1 2 2
4 vs 4 Forward
Center Wing Time % Phy DF OF
1 Tyler Brenner Ryan Shannon 60 1 2 2
2 Kenndal McArdle Sean Couturier 40 1 2 2
4 vs 4 Defense
Defense Defense Time % Phy DF OF
1 Alexander Sulzer Shawn Belle 60 1 2 2
2 Davis Drewiske Kyle Wharton 40 1 2 2
Last Minutes Offensive
Center Left Wing Right Wing Defense Defense
Tyler Brenner Kenndal McArdle Ryan Shannon Alexander Sulzer Shawn Belle
Last Minutes Defensive
Center Left Wing Right Wing Defense Defense
Tyler Brenner Kenndal McArdle Ryan Shannon Alexander Sulzer Shawn Belle
Goaltenders
Starting : Sergei Bobrovsky
Backup : Jeremy Smith
Extra Forwards
Normal : Anthony Nigro, Freddie Hamilton, Darren Kramer - PP : Anthony Nigro, Freddie Hamilton - PK : Darren Kramer
Extra Defensemen
Normal : Fredrik Claesson, Roman Polak, Colby Cohen - PP : Fredrik Claesson - PK : Roman Polak, Colby Cohen
Penalty Shots
Tyler Brenner, Ryan Shannon, Kenndal McArdle, Sean Couturier, Marc-André Cliche
% Time on Ice - Thunder
Lines # - Real PCT - Wanted PCT - Time Play
Normal Forward
1 - 36% - 40% - 18:45
2 - 29% - 30% - 15:08
3 - 20% - 20% - 10:19
4 - 14% - 10% - 7:27
Normal Defense
1 - 38% - 40% - 19:35
2 - 35% - 30% - 18:02
3 - 18% - 20% - 9:10
4 - 9% - 10% - 4:52
PP Forward
1 - 52% - 60% - 2:08
2 - 48% - 40% - 1:56
PP Defense
1 - 48% - 60% - 1:57
2 - 52% - 40% - 2:07
PK Forward
1 - 87% - 60% - 3:44
2 - 13% - 40% - 0:33
PK Defense
1 - 82% - 60% - 3:30
2 - 18% - 40% - 0:47
PK3 Forward
1 - 0% - 60%
2 - 0% - 40%
PK3 Defense
1 - 0% - 60%
2 - 0% - 40%
44 Forward
1 - 0% - 60%
2 - 0% - 40%
44 Defense
1 - 0% - 60%
2 - 0% - 40%
Last Minute Offensive - 0:00
Last Minute Defensive - 0:00
Total
Forward - 60:00
Defense - 60:00
|
% Time on Ice - Atomiques
Lines # - Real PCT - Wanted PCT - Time Play
Normal Forward
1 - 38% - 40% - 19:25
2 - 28% - 30% - 14:42
3 - 20% - 20% - 10:16
4 - 14% - 10% - 7:16
Normal Defense
1 - 40% - 40% - 20:39
2 - 31% - 30% - 16:02
3 - 21% - 20% - 10:40
4 - 8% - 10% - 4:18
PP Forward
1 - 56% - 60% - 2:23
2 - 44% - 40% - 1:54
PP Defense
1 - 60% - 60% - 2:33
2 - 40% - 40% - 1:44
PK Forward
1 - 78% - 60% - 3:11
2 - 22% - 40% - 0:53
PK Defense
1 - 66% - 60% - 2:40
2 - 34% - 40% - 1:24
PK3 Forward
1 - 0% - 60%
2 - 0% - 40%
PK3 Defense
1 - 0% - 60%
2 - 0% - 40%
44 Forward
1 - 0% - 60%
2 - 0% - 40%
44 Defense
1 - 0% - 60%
2 - 0% - 40%
Last Minute Offensive - 0:00
Last Minute Defensive - 0:00
Total
Forward - 60:00
Defense - 60:00
|
Play by Play
1st period
0:01 of 1st period - Tyler Brenner wins face-off versus Tom Pyatt in neutral zone.
0:31 of 1st period - Snap shot by Dany Roussin.
0:31 of 1st period - Shot Misses the Net.
0:33 of 1st period - Wrist shot by Mathieu Perreault.
0:33 of 1st period - Deflect By Shawn Belle.
0:33 of 1st period - Shot Misses the Net.
0:33 of 1st period - Puck is out of play.
0:34 of 1st period - David Clarkson wins face-off versus Marc-André Cliche in Atomiques zone.
0:39 of 1st period - Snap shot by David Clarkson.
0:39 of 1st period - Stopped by Sergei Bobrovsky without a rebound.
0:40 of 1st period - Marc-André Cliche wins face-off versus Daultan Leveillé in Atomiques zone.
0:40 of 1st period - Marc-André Cliche is hit by Daultan Leveillé.
0:50 of 1st period - Snap shot by John McCarthy.
0:50 of 1st period - Shot Blocked by Derek Forbort.
0:52 of 1st period - Slapshot by Davis Drewiske.
0:52 of 1st period - Stopped by Devan Dubnyk with a rebound.
1:30 of 1st period - Slapshot by Roman Polak.
1:30 of 1st period - Stopped by Devan Dubnyk with a rebound.
1:32 of 1st period - Snap shot by Mitch Callahan.
1:32 of 1st period - Shot Misses the Net.
2:18 of 1st period - Slapshot by Ryan Shannon.
2:18 of 1st period - Goal by Ryan Shannon - Thunder : 0 - Atomiques : 1.
2:19 of 1st period - Sean Couturier wins face-off versus Mathieu Perreault in neutral zone.
2:21 of 1st period - Off-side.
2:22 of 1st period - Sean Couturier wins face-off versus Mathieu Perreault in neutral zone.
2:41 of 1st period - Eric Mestery is hit by Mathieu Perreault and loses puck.
2:58 of 1st period - Snap shot by Tyler Brenner.
2:58 of 1st period - Shot Misses the Net.
3:20 of 1st period - Wrist shot by Marc-André Cliche.
3:20 of 1st period - Shot Misses the Net.
3:22 of 1st period - Wrist shot by Marc-André Cliche.
3:22 of 1st period - Stopped by Devan Dubnyk with a rebound.
3:32 of 1st period - Joey Ryan is hit by Mitch Callahan and loses puck.
4:01 of 1st period - Slapshot by Mathieu Perreault.
4:01 of 1st period - Stopped by Sergei Bobrovsky without a rebound.
4:02 of 1st period - Alex Berry wins face-off versus Scott Parse in Atomiques zone.
4:18 of 1st period - Alex Berry is hit by Scott Parse and loses puck.
4:37 of 1st period - Snap shot by Ryan Shannon.
4:37 of 1st period - Shot Misses the Net.
5:09 of 1st period - Minor Penalty to John McCarthy for Hooking.
5:10 of 1st period - Tyler Brenner wins face-off versus Tom Pyatt in Atomiques zone.
5:41 of 1st period - Alexander Sulzer is hit by Joey Ryan.
6:49 of 1st period - Sean Couturier is hit by Scott Parse and loses puck.
7:09 of 1st period - Penalty to John McCarthy is over, John McCarthy is back on ice.
7:32 of 1st period - Slapshot by David Clarkson.
7:32 of 1st period - Shot Misses the Net.
7:54 of 1st period - Slapshot by John McCarthy.
7:54 of 1st period - Shot Misses the Net.
7:58 of 1st period - Wrist shot by Andrew Kozek.
7:58 of 1st period - Stopped by Devan Dubnyk with a rebound.
8:00 of 1st period - Slapshot by Andrew Kozek.
8:00 of 1st period - Shot Blocked by Joey Ryan.
8:02 of 1st period - Slapshot by Kyle Wharton.
8:02 of 1st period - Shot Misses the Net.
8:08 of 1st period - Wrist shot by Andrew Kozek.
8:08 of 1st period - Shot Misses the Net.
8:10 of 1st period - Snap shot by Kyle Wharton.
8:10 of 1st period - Stopped by Devan Dubnyk with a rebound.
8:12 of 1st period - Slapshot by Davis Drewiske.
8:12 of 1st period - Deflect By Andrew Kozek.
8:12 of 1st period - Shot Blocked by Robin Leblanc.
8:12 of 1st period - Puck is out of play.
8:13 of 1st period - Daultan Leveillé wins face-off versus Tyler Brenner in Thunder zone.
8:28 of 1st period - Slapshot by Ryan Shannon.
8:28 of 1st period - Stopped by Devan Dubnyk with a rebound.
9:10 of 1st period - Minor Penalty to Derek Forbort for Elbowing.
9:11 of 1st period - Adam Hall wins face-off versus Ryan Shannon in Thunder zone.
9:21 of 1st period - Snap shot by Tyler Brenner.
9:21 of 1st period - Goal by Tyler Brenner - Thunder : 0 - Atomiques : 2.
9:22 of 1st period - Tom Pyatt wins face-off versus Sean Couturier in neutral zone.
9:25 of 1st period - Snap shot by Tom Pyatt.
9:25 of 1st period - Shot Misses the Net.
9:27 of 1st period - Slapshot by Tom Pyatt.
9:27 of 1st period - Shot Misses the Net.
9:29 of 1st period - Wrist shot by Scott Parse.
9:29 of 1st period - Shot Misses the Net.
9:31 of 1st period - Wrist shot by Scott Parse.
9:31 of 1st period - Stopped by Sergei Bobrovsky without a rebound.
9:32 of 1st period - Sean Couturier wins face-off versus Tom Pyatt in Atomiques zone.
9:41 of 1st period - Slapshot by Adam Hall.
9:41 of 1st period - Shot Blocked by Alexander Sulzer.
9:43 of 1st period - Slapshot by David Fischer.
9:43 of 1st period - Shot Misses the Net.
9:45 of 1st period - Snap shot by Tom Pyatt.
9:45 of 1st period - Stopped by Sergei Bobrovsky with a rebound.
9:47 of 1st period - Snap shot by Tom Pyatt.
9:47 of 1st period - Shot Blocked by Andrew Kozek.
9:51 of 1st period - Backhand shot by Scott Parse.
9:51 of 1st period - Stopped by Sergei Bobrovsky without a rebound.
9:52 of 1st period - Mathieu Perreault wins face-off versus Marc-André Cliche in Atomiques zone.
9:53 of 1st period - Snap shot by Jay Beagle.
9:53 of 1st period - Stopped by Sergei Bobrovsky without a rebound.
9:54 of 1st period - Mathieu Perreault wins face-off versus Marc-André Cliche in Atomiques zone.
10:10 of 1st period - Wrist shot by John McCarthy.
10:10 of 1st period - Shot Misses the Net.
10:32 of 1st period - Snap shot by Adam Hall.
10:32 of 1st period - Shot Misses the Net.
11:06 of 1st period - Wrist shot by Ryan Shannon.
11:06 of 1st period - Shot Misses the Net.
11:08 of 1st period - Slapshot by Kenndal McArdle.
11:08 of 1st period - Shot Blocked by Robin Leblanc.
11:10 of 1st period - Slapshot by Alexander Sulzer.
11:10 of 1st period - Shot Misses the Net.
11:12 of 1st period - Snap shot by Ryan Shannon.
11:12 of 1st period - Stopped by Devan Dubnyk with a rebound.
11:14 of 1st period - Snap shot by Kenndal McArdle.
11:14 of 1st period - Shot Blocked by Joey Ryan.
11:16 of 1st period - Slapshot by Alexander Sulzer.
11:16 of 1st period - Stopped by Devan Dubnyk with a rebound.
11:26 of 1st period - John McCarthy is hit by Jay Beagle and loses puck.
11:35 of 1st period - Wrist shot by Dany Roussin.
11:35 of 1st period - Shot Blocked by Marc-André Cliche.
11:45 of 1st period - David Fischer is hit by Andrew Kozek and loses puck.
12:16 of 1st period - Off-side.
12:17 of 1st period - Tyler Brenner wins face-off versus Mathieu Perreault in neutral zone.
12:20 of 1st period - Jay Beagle is hit by Tyler Brenner and loses puck.
12:26 of 1st period - Minor Penalty to Ryan Shannon for Tripping.
12:27 of 1st period - Tyler Brenner wins face-off versus Tom Pyatt in Atomiques zone.
12:53 of 1st period - Jay Harrison is hit by Andrew Kozek and loses puck.
13:52 of 1st period - Shawn Belle is hit by Jay Harrison and loses puck.
14:14 of 1st period - Snap shot by Dany Roussin.
14:14 of 1st period - Deflect By Jay Beagle.
14:14 of 1st period - Shot Blocked by Shawn Belle.
14:14 of 1st period - Puck is out of play.
14:15 of 1st period - Tom Pyatt wins face-off versus Sean Couturier in Atomiques zone.
14:26 of 1st period - Penalty to Ryan Shannon is over, Ryan Shannon is back on ice.
14:49 of 1st period - Wrist shot by Davis Drewiske.
14:49 of 1st period - Shot Blocked by Joey Ryan.
15:17 of 1st period - Scott Parse is hit by Joseph Cramarossa and loses puck.
15:24 of 1st period - Wrist shot by Mitch Callahan.
15:24 of 1st period - Shot Misses the Net.
15:38 of 1st period - Snap shot by Tyler Brenner.
15:38 of 1st period - Shot Misses the Net.
15:40 of 1st period - Snap shot by Tyler Brenner.
15:40 of 1st period - Shot Misses the Net.
15:42 of 1st period - Slapshot by Alexander Sulzer.
15:42 of 1st period - Deflect By Tyler Brenner.
15:42 of 1st period - Stopped by Devan Dubnyk with a rebound.
15:44 of 1st period - Slapshot by Kenndal McArdle.
15:44 of 1st period - Goal by Kenndal McArdle - Thunder : 0 - Atomiques : 3.
15:45 of 1st period - Mathieu Perreault wins face-off versus Tyler Brenner in neutral zone.
16:12 of 1st period - Slapshot by Davis Drewiske.
16:12 of 1st period - Stopped by Devan Dubnyk with a rebound.
16:20 of 1st period - Wrist shot by Mathieu Perreault.
16:20 of 1st period - Stopped by Sergei Bobrovsky without a rebound.
16:21 of 1st period - Sean Couturier wins face-off versus Scott Parse in Atomiques zone.
16:56 of 1st period - Snap shot by Daultan Leveillé.
16:56 of 1st period - Shot Misses the Net.
17:29 of 1st period - Slapshot by Dany Roussin.
17:29 of 1st period - Shot Misses the Net.
17:31 of 1st period - Slapshot by Jay Beagle.
17:31 of 1st period - Shot Blocked by Shawn Belle.
17:33 of 1st period - Backhand shot by Jay Harrison.
17:33 of 1st period - Stopped by Sergei Bobrovsky without a rebound.
17:34 of 1st period - Tom Pyatt wins face-off versus Sean Couturier in Atomiques zone.
18:53 of 1st period - Snap shot by Brett Sutter.
18:53 of 1st period - Goal by Brett Sutter - Thunder : 0 - Atomiques : 4.
18:53 of 1st period - Magnus Hellberg enters game.
18:54 of 1st period - Tom Pyatt wins face-off versus Tyler Brenner in neutral zone.
19:20 of 1st period - Minor Penalty to Mathieu Perreault for Interference.
19:21 of 1st period - Tyler Brenner wins face-off versus Adam Hall in Thunder zone.
19:26 of 1st period - Wrist shot by Ryan Shannon.
19:26 of 1st period - Stopped by Magnus Hellberg with a rebound.
19:28 of 1st period - Slapshot by Shawn Belle.
19:28 of 1st period - Deflect By Tyler Brenner.
19:28 of 1st period - Goal by Tyler Brenner - Thunder : 0 - Atomiques : 5.
19:29 of 1st period - Sean Couturier wins face-off versus Tom Pyatt in neutral zone.
19:44 of 1st period - Snap shot by Alex Berry.
19:44 of 1st period - Stopped by Magnus Hellberg without a rebound.
19:45 of 1st period - Tyler Brenner wins face-off versus Mathieu Perreault in Thunder zone.
19:54 of 1st period - Wrist shot by Ryan Shannon.
19:54 of 1st period - Shot Misses the Net.
Goals for this period are 0 for Thunder vs 5 for Atomiques.
Shots for this period are 8 for Thunder vs 17 for Atomiques.
2nd period
0:01 of 2nd period - Tom Pyatt wins face-off versus Tyler Brenner in neutral zone.
0:13 of 2nd period - Slapshot by Alexander Sulzer.
0:13 of 2nd period - Stopped by Magnus Hellberg without a rebound.
0:14 of 2nd period - Tom Pyatt wins face-off versus Sean Couturier in Thunder zone.
0:40 of 2nd period - Kenndal McArdle is hit by Jay Beagle and loses puck.
0:47 of 2nd period - Snap shot by Dany Roussin.
0:47 of 2nd period - Stopped by Sergei Bobrovsky without a rebound.
0:48 of 2nd period - Tom Pyatt wins face-off versus Tyler Brenner in Atomiques zone.
1:07 of 2nd period - Shawn Belle is hit by Scott Parse and loses puck.
2:10 of 2nd period - Wrist shot by David Clarkson.
2:10 of 2nd period - Stopped by Sergei Bobrovsky without a rebound.
2:11 of 2nd period - Tom Pyatt wins face-off versus Tyler Brenner in Atomiques zone.
2:14 of 2nd period - Snap shot by Adam Hall.
2:14 of 2nd period - Stopped by Sergei Bobrovsky without a rebound.
2:15 of 2nd period - Tyler Brenner wins face-off versus Tom Pyatt in Atomiques zone.
2:22 of 2nd period - Snap shot by Tyler Brenner.
2:22 of 2nd period - Shot Hit the Post.
2:24 of 2nd period - Snap shot by Tyler Brenner.
2:24 of 2nd period - Shot Misses the Net.
2:26 of 2nd period - Snap shot by Tyler Brenner.
2:26 of 2nd period - Shot Blocked by Scott Parse.
2:28 of 2nd period - Slapshot by Kyle Wharton.
2:28 of 2nd period - Shot Misses the Net.
2:30 of 2nd period - Slapshot by Kyle Wharton.
2:30 of 2nd period - Shot Misses the Net.
3:04 of 2nd period - Snap shot by Jay Beagle.
3:04 of 2nd period - Stopped by Sergei Bobrovsky without a rebound.
3:05 of 2nd period - Mathieu Perreault wins face-off versus Sean Couturier in Atomiques zone.
3:12 of 2nd period - Snap shot by Jay Beagle.
3:12 of 2nd period - Shot Blocked by Alex Berry.
3:14 of 2nd period - Wrist shot by Mathieu Perreault.
3:14 of 2nd period - Stopped by Sergei Bobrovsky without a rebound.
3:15 of 2nd period - Tyler Brenner wins face-off versus Mathieu Perreault in Atomiques zone.
3:39 of 2nd period - Off-side.
3:40 of 2nd period - Sean Couturier wins face-off versus Tom Pyatt in neutral zone.
3:53 of 2nd period - Wrist shot by Scott Parse.
3:53 of 2nd period - Shot Misses the Net.
3:55 of 2nd period - Snap shot by Scott Parse.
3:55 of 2nd period - Stopped by Sergei Bobrovsky with a rebound.
4:10 of 2nd period - Wrist shot by Ryan Shannon.
4:10 of 2nd period - Stopped by Magnus Hellberg with a rebound.
4:12 of 2nd period - Snap shot by Kenndal McArdle.
4:12 of 2nd period - Shot Misses the Net.
4:14 of 2nd period - Snap shot by Kenndal McArdle.
4:14 of 2nd period - Shot Blocked by Dany Roussin.
4:16 of 2nd period - Snap shot by Roman Polak.
4:16 of 2nd period - Deflect By Jay Beagle.
4:16 of 2nd period - Stopped by Magnus Hellberg without a rebound.
4:17 of 2nd period - Marc-André Cliche wins face-off versus Tom Pyatt in Thunder zone.
4:42 of 2nd period - Jay Beagle is hit by Tyler Brenner and loses puck.
4:50 of 2nd period - Icing by Ryan Shannon.
4:51 of 2nd period - Tom Pyatt wins face-off versus Tyler Brenner in Atomiques zone.
5:04 of 2nd period - Snap shot by Adam Hall.
5:04 of 2nd period - Stopped by Sergei Bobrovsky with a rebound.
5:06 of 2nd period - Snap shot by Scott Parse.
5:06 of 2nd period - Shot Blocked by Alexander Sulzer.
5:46 of 2nd period - Snap shot by John McCarthy.
5:46 of 2nd period - Deflect By Bobby Farnham.
5:46 of 2nd period - Stopped by Magnus Hellberg with a rebound.
6:00 of 2nd period - Casey Pierro-Zabotel is hit by Davis Drewiske and loses puck.
6:47 of 2nd period - Wrist shot by Dany Roussin.
6:47 of 2nd period - Stopped by Sergei Bobrovsky without a rebound.
6:48 of 2nd period - Sean Couturier wins face-off versus Tom Pyatt in Atomiques zone.
6:48 of 2nd period - Sean Couturier is hit by Adam Hall.
7:23 of 2nd period - Ryan Shannon is hit by Mathieu Perreault.
7:36 of 2nd period - Minor Penalty to John McCarthy for Holding.
7:37 of 2nd period - Tom Pyatt wins face-off versus Tyler Brenner in Atomiques zone.
7:38 of 2nd period - Slapshot by Scott Parse.
7:38 of 2nd period - Shot Misses the Net.
7:40 of 2nd period - Wrist shot by Scott Parse.
7:40 of 2nd period - Stopped by Sergei Bobrovsky with a rebound.
7:42 of 2nd period - Snap shot by Adam Hall.
7:42 of 2nd period - Goal by Adam Hall - Thunder : 1 - Atomiques : 5.
7:43 of 2nd period - Tom Pyatt wins face-off versus Tyler Brenner in neutral zone.
7:58 of 2nd period - Snap shot by Adam Hall.
7:58 of 2nd period - Goal by Adam Hall - Thunder : 2 - Atomiques : 5.
7:59 of 2nd period - Andrew Kozek wins face-off versus Scott Parse in neutral zone.
8:02 of 2nd period - Slapshot by Alexander Sulzer.
8:02 of 2nd period - Shot Misses the Net.
8:08 of 2nd period - Slapshot by Andrew Kozek.
8:08 of 2nd period - Stopped by Magnus Hellberg without a rebound.
8:09 of 2nd period - Scott Parse wins face-off versus Sean Couturier in Thunder zone.
8:20 of 2nd period - Snap shot by Alex Berry.
8:20 of 2nd period - Stopped by Magnus Hellberg with a rebound.
8:22 of 2nd period - Snap shot by Shawn Belle.
8:22 of 2nd period - Shot Misses the Net.
8:24 of 2nd period - Backhand shot by Shawn Belle.
8:24 of 2nd period - Shot Misses the Net.
8:26 of 2nd period - Slapshot by Shawn Belle.
8:26 of 2nd period - Shot Blocked by David Fischer.
8:28 of 2nd period - Slapshot by Shawn Belle.
8:28 of 2nd period - Deflect By David Fischer.
8:28 of 2nd period - Stopped by Magnus Hellberg without a rebound.
8:29 of 2nd period - Tyler Brenner wins face-off versus Mathieu Perreault in Thunder zone.
9:24 of 2nd period - Snap shot by Marc-André Cliche.
9:24 of 2nd period - Shot Misses the Net.
9:36 of 2nd period - Joseph Cramarossa is hit by David Fischer and loses puck.
9:43 of 2nd period - Slapshot by Alexander Sulzer.
9:43 of 2nd period - Shot Misses the Net.
10:07 of 2nd period - Snap shot by Kenndal McArdle.
10:07 of 2nd period - Deflect By Ryan Shannon.
10:07 of 2nd period - Stopped by Magnus Hellberg with a rebound.
10:13 of 2nd period - Tyler Brenner is hit by Jay Harrison.
10:54 of 2nd period - Wrist shot by Marc-André Cliche.
10:54 of 2nd period - Stopped by Magnus Hellberg without a rebound.
10:55 of 2nd period - Tyler Brenner wins face-off versus Mathieu Perreault in Thunder zone.
11:00 of 2nd period - Snap shot by Tyler Brenner.
11:00 of 2nd period - Stopped by Magnus Hellberg with a rebound.
11:09 of 2nd period - Minor Penalty to Mathieu Perreault for Holding Stick.
11:10 of 2nd period - Adam Hall wins face-off versus Tyler Brenner in Thunder zone.
11:20 of 2nd period - Adam Hall is hit by Ryan Shannon and loses puck.
11:39 of 2nd period - Slapshot by Alexander Sulzer.
11:39 of 2nd period - Shot Misses the Net.
13:09 of 2nd period - Penalty to Mathieu Perreault is over, Mathieu Perreault is back on ice.
13:10 of 2nd period - David Fischer is hit by Shawn Belle and loses puck.
13:21 of 2nd period - Snap shot by Mitch Callahan.
13:21 of 2nd period - Shot Misses the Net.
13:23 of 2nd period - Snap shot by Eric Mestery.
13:23 of 2nd period - Stopped by Magnus Hellberg with a rebound.
13:42 of 2nd period - Icing by Marc-André Cliche.
13:43 of 2nd period - Ryan Nugent-Hopkins wins face-off versus Brett Sutter in Atomiques zone.
13:50 of 2nd period - Snap shot by Robin Leblanc.
13:50 of 2nd period - Stopped by Sergei Bobrovsky without a rebound.
13:51 of 2nd period - Tom Pyatt wins face-off versus Tyler Brenner in Atomiques zone.
13:52 of 2nd period - Snap shot by Scott Parse.
13:52 of 2nd period - Stopped by Sergei Bobrovsky with a rebound.
13:54 of 2nd period - Snap shot by Scott Parse.
13:54 of 2nd period - Shot Blocked by Tyler Brenner.
14:02 of 2nd period - Wrist shot by Scott Parse.
14:02 of 2nd period - Stopped by Sergei Bobrovsky without a rebound.
14:03 of 2nd period - Tom Pyatt wins face-off versus Tyler Brenner in Atomiques zone.
14:10 of 2nd period - Wrist shot by Tom Pyatt.
14:10 of 2nd period - Stopped by Sergei Bobrovsky with a rebound.
14:42 of 2nd period - Icing by Alex Berry.
14:43 of 2nd period - Alex Berry wins face-off versus Scott Parse in Atomiques zone.
15:38 of 2nd period - Snap shot by Dany Roussin.
15:38 of 2nd period - Stopped by Sergei Bobrovsky without a rebound.
15:39 of 2nd period - Tom Pyatt wins face-off versus Tyler Brenner in Atomiques zone.
16:04 of 2nd period - Brett Festerling is hit by Marc-André Cliche and loses puck.
16:53 of 2nd period - Tyler Brenner is hit by Robin Leblanc and loses puck.
16:57 of 2nd period - Icing by Ryan Shannon.
16:58 of 2nd period - Tom Pyatt wins face-off versus Tyler Brenner in Atomiques zone.
16:59 of 2nd period - Snap shot by Scott Parse.
16:59 of 2nd period - Shot Misses the Net.
17:15 of 2nd period - Wrist shot by Tyler Brenner.
17:15 of 2nd period - Shot Misses the Net.
17:31 of 2nd period - Snap shot by Sean Couturier.
17:31 of 2nd period - Shot Misses the Net.
17:39 of 2nd period - Wrist shot by Dany Roussin.
17:39 of 2nd period - Stopped by Sergei Bobrovsky without a rebound.
17:40 of 2nd period - Daultan Leveillé wins face-off versus Sean Couturier in Atomiques zone.
18:07 of 2nd period - Scott Parse is hit by Bobby Farnham and loses puck.
18:32 of 2nd period - Brett Festerling is hit by Davis Drewiske.
18:40 of 2nd period - Snap shot by Ryan Shannon.
18:40 of 2nd period - Stopped by Magnus Hellberg with a rebound.
18:42 of 2nd period - Slapshot by Colby Cohen.
18:42 of 2nd period - Shot Blocked by Dany Roussin.
18:57 of 2nd period - Off-side.
18:58 of 2nd period - Brett Sutter wins face-off versus Ryan Nugent-Hopkins in neutral zone.
19:09 of 2nd period - Slapshot by Alexander Sulzer.
19:09 of 2nd period - Stopped by Magnus Hellberg without a rebound.
19:10 of 2nd period - Tyler Brenner wins face-off versus Tom Pyatt in Thunder zone.
19:38 of 2nd period - Snap shot by Alex Berry.
19:38 of 2nd period - Shot Misses the Net.
19:58 of 2nd period - David Clarkson is hit by Kyle Wharton.
Goals for this period are 2 for Thunder vs 0 for Atomiques.
Shots for this period are 17 for Thunder vs 13 for Atomiques.
3rd period
0:01 of 3rd period - Tyler Brenner wins face-off versus Tom Pyatt in neutral zone.
0:16 of 3rd period - Snap shot by Ryan Shannon.
0:16 of 3rd period - Shot Blocked by David Fischer.
0:38 of 3rd period - Wrist shot by Dany Roussin.
0:38 of 3rd period - Shot Misses the Net.
0:40 of 3rd period - Wrist shot by Jay Beagle.
0:40 of 3rd period - Shot Misses the Net.
1:18 of 3rd period - Wrist shot by Brett Festerling.
1:18 of 3rd period - Shot Blocked by Davis Drewiske.
1:23 of 3rd period - Off-side.
1:24 of 3rd period - Tom Pyatt wins face-off versus Sean Couturier in neutral zone.
1:36 of 3rd period - Slapshot by Jay Harrison.
1:36 of 3rd period - Stopped by Sergei Bobrovsky with a rebound.
2:05 of 3rd period - Marc-André Cliche is hit by Dany Roussin and loses puck.
2:19 of 3rd period - Off-side.
2:20 of 3rd period - Daultan Leveillé wins face-off versus Tyler Brenner in neutral zone.
2:46 of 3rd period - Snap shot by Magnus Paajarvi-Svensson.
2:46 of 3rd period - Stopped by Sergei Bobrovsky without a rebound.
2:47 of 3rd period - Tom Pyatt wins face-off versus Sean Couturier in Atomiques zone.
3:39 of 3rd period - Daultan Leveillé is hit by Kenndal McArdle.
4:01 of 3rd period - Snap shot by Ryan Nugent-Hopkins.
4:01 of 3rd period - Shot Blocked by Eric Mestery.
4:03 of 3rd period - Wrist shot by David Fischer.
4:03 of 3rd period - Stopped by Sergei Bobrovsky without a rebound.
4:04 of 3rd period - Sean Couturier wins face-off versus Ryan Nugent-Hopkins in Atomiques zone.
4:09 of 3rd period - Slapshot by Andrew Kozek.
4:09 of 3rd period - Stopped by Magnus Hellberg with a rebound.
4:11 of 3rd period - Slapshot by Sean Couturier.
4:11 of 3rd period - Shot Misses the Net.
4:13 of 3rd period - Snap shot by Sean Couturier.
4:13 of 3rd period - Stopped by Magnus Hellberg with a rebound.
4:15 of 3rd period - Wrist shot by Alex Berry.
4:15 of 3rd period - Goal by Alex Berry - Thunder : 2 - Atomiques : 6.
4:16 of 3rd period - Adam Hall wins face-off versus Tyler Brenner in neutral zone.
4:41 of 3rd period - Jay Harrison is hit by John McCarthy.
5:05 of 3rd period - Slapshot by Alexander Sulzer.
5:05 of 3rd period - Stopped by Magnus Hellberg without a rebound.
5:06 of 3rd period - Daultan Leveillé wins face-off versus Mitch Callahan in Thunder zone.
5:13 of 3rd period - Slapshot by Brett Sutter.
5:13 of 3rd period - Shot Misses the Net.
5:31 of 3rd period - Tom Pyatt is hit by Tyler Brenner and loses puck.
6:00 of 3rd period - Snap shot by Dany Roussin.
6:00 of 3rd period - Stopped by Sergei Bobrovsky without a rebound.
6:01 of 3rd period - Tyler Brenner wins face-off versus Adam Hall in Atomiques zone.
6:27 of 3rd period - Icing by Sean Couturier.
6:28 of 3rd period - Mathieu Perreault wins face-off versus Sean Couturier in Atomiques zone.
6:29 of 3rd period - Snap shot by Dany Roussin.
6:29 of 3rd period - Stopped by Sergei Bobrovsky with a rebound.
7:45 of 3rd period - Slapshot by Davis Drewiske.
7:45 of 3rd period - Stopped by Magnus Hellberg with a rebound.
8:51 of 3rd period - John McCarthy is hit by Daultan Leveillé.
9:15 of 3rd period - Icing by Joey Ryan.
9:16 of 3rd period - Ryan Nugent-Hopkins wins face-off versus Brett Sutter in Thunder zone.
9:25 of 3rd period - Slapshot by Alexander Sulzer.
9:25 of 3rd period - Shot Misses the Net.
9:27 of 3rd period - Snap shot by Joseph Cramarossa.
9:27 of 3rd period - Atomiques goal is going for a video replay.
9:27 of 3rd period - The goal is refused. The puck has entered the net after making contact with an attacking player’s stick that is above the height of the crossbar..
9:28 of 3rd period - Tyler Brenner wins face-off versus Tom Pyatt in Thunder zone.
9:31 of 3rd period - Snap shot by Ryan Shannon.
9:31 of 3rd period - Stopped by Magnus Hellberg with a rebound.
9:40 of 3rd period - Icing by Shawn Belle.
9:41 of 3rd period - Tyler Brenner wins face-off versus Tom Pyatt in Atomiques zone.
9:48 of 3rd period - Snap shot by Tyler Brenner.
9:48 of 3rd period - Shot Misses the Net.
9:51 of 3rd period - Icing by David Fischer.
9:52 of 3rd period - Tyler Brenner wins face-off versus Tom Pyatt in Thunder zone.
10:19 of 3rd period - Alex Berry is hit by Jay Beagle and loses puck.
10:51 of 3rd period - Wrist shot by John McCarthy.
10:51 of 3rd period - Goal by John McCarthy - Thunder : 2 - Atomiques : 7.
10:52 of 3rd period - Tyler Brenner wins face-off versus Tom Pyatt in neutral zone.
11:17 of 3rd period - Kyle Wharton is hit by Jay Beagle.
11:25 of 3rd period - Davis Drewiske is hit by Dany Roussin and loses puck.
11:49 of 3rd period - Slapshot by John McCarthy.
11:49 of 3rd period - Stopped by Magnus Hellberg with a rebound.
12:03 of 3rd period - Snap shot by Kenndal McArdle.
12:03 of 3rd period - Stopped by Magnus Hellberg with a rebound.
12:05 of 3rd period - Slapshot by Kyle Wharton.
12:05 of 3rd period - Shot Blocked by Jay Harrison.
12:07 of 3rd period - Slapshot by Kenndal McArdle.
12:07 of 3rd period - Deflect By Jay Harrison.
12:07 of 3rd period - Stopped by Magnus Hellberg with a rebound.
12:09 of 3rd period - Slapshot by Davis Drewiske.
12:09 of 3rd period - Stopped by Magnus Hellberg without a rebound.
12:10 of 3rd period - Tyler Brenner wins face-off versus Tom Pyatt in Thunder zone.
12:19 of 3rd period - Snap shot by Ryan Shannon.
12:19 of 3rd period - Shot Blocked by Jay Harrison.
12:35 of 3rd period - Dany Roussin is hit by Sean Couturier and loses puck.
12:40 of 3rd period - Snap shot by Alex Berry.
12:40 of 3rd period - Shot Blocked by Dany Roussin.
12:48 of 3rd period - Wrist shot by Andrew Kozek.
12:48 of 3rd period - Shot Blocked by David Fischer.
13:42 of 3rd period - Wrist shot by Tyler Brenner.
13:42 of 3rd period - Stopped by Magnus Hellberg with a rebound.
14:00 of 3rd period - Alex Berry is hit by Jay Beagle and loses puck.
14:43 of 3rd period - Wrist shot by Ryan Nugent-Hopkins.
14:43 of 3rd period - Stopped by Sergei Bobrovsky without a rebound.
14:44 of 3rd period - Brett Sutter wins face-off versus Robin Leblanc in Atomiques zone.
14:44 of 3rd period - Brett Sutter is hit by Joey Ryan.
15:29 of 3rd period - Snap shot by Brett Sutter.
15:29 of 3rd period - Stopped by Magnus Hellberg with a rebound.
15:35 of 3rd period - Wrist shot by Mitch Callahan.
15:35 of 3rd period - Shot Misses the Net.
15:37 of 3rd period - Snap shot by Mitch Callahan.
15:37 of 3rd period - Stopped by Magnus Hellberg with a rebound.
15:39 of 3rd period - Wrist shot by Brett Sutter.
15:39 of 3rd period - Deflect By Mitch Callahan.
15:39 of 3rd period - Shot Misses the Net.
15:39 of 3rd period - Puck is out of play.
15:40 of 3rd period - Tyler Brenner wins face-off versus Tom Pyatt in Thunder zone.
16:11 of 3rd period - Slapshot by Jay Beagle.
16:11 of 3rd period - Stopped by Sergei Bobrovsky with a rebound.
16:13 of 3rd period - Slapshot by Derek Forbort.
16:13 of 3rd period - Stopped by Sergei Bobrovsky without a rebound.
16:14 of 3rd period - Mathieu Perreault wins face-off versus Sean Couturier in Atomiques zone.
16:17 of 3rd period - Snap shot by Mathieu Perreault.
16:17 of 3rd period - Deflect By Dany Roussin.
16:17 of 3rd period - Stopped by Sergei Bobrovsky with a rebound.
16:47 of 3rd period - Snap shot by Tom Pyatt.
16:47 of 3rd period - Shot Hit the Post.
17:01 of 3rd period - Minor Penalty to Jay Harrison for Hooking.
17:02 of 3rd period - Adam Hall wins face-off versus Tyler Brenner in Thunder zone.
17:15 of 3rd period - Snap shot by Kenndal McArdle.
17:15 of 3rd period - Stopped by Magnus Hellberg with a rebound.
17:17 of 3rd period - Wrist shot by Alexander Sulzer.
17:17 of 3rd period - Stopped by Magnus Hellberg with a rebound.
17:33 of 3rd period - Slapshot by Shawn Belle.
17:33 of 3rd period - Deflect By Alex Berry.
17:33 of 3rd period - Shot Misses the Net.
17:33 of 3rd period - Puck is out of play.
17:34 of 3rd period - Adam Hall wins face-off versus Sean Couturier in Thunder zone.
19:01 of 3rd period - Penalty to Jay Harrison is over, Jay Harrison is back on ice.
19:15 of 3rd period - Brett Sutter is hit by Derek Forbort and loses puck.
Goals for this period are 0 for Thunder vs 2 for Atomiques.
Shots for this period are 9 for Thunder vs 17 for Atomiques.
Back to the Top